[ PARTIDA AOE2 · #460060686 ]
Team RMPolacos vs Sicilians
[ ANÁLISIS DE REPETICIÓN · EXTRAÍDO DE LA PARTIDA GRABADA ]
Feudal
9:19
Castillos
20:54
Imperial
—
| APM promedio | 31.5 |
| APM pico | 56 |
| eAPM promedio | 10.7 |
| Aldeanos / militares | 54 / 32 |
Foco
⚔️ 22.0% · 🌾 78.0%
Knight ×22 · Scout Cavalry ×10
Feudal
10:33
Castillos
25:17
Imperial
—
| APM promedio | 43.9 |
| APM pico | 86 |
| eAPM promedio | 21.6 |
| Aldeanos / militares | 44 / 31 |
Foco
⚔️ 25.3% · 🌾 74.7%
Spearman ×18 · Archer ×13
Feudal
8:57
Castillos
24:26
Imperial
—
| APM promedio | 56.2 |
| APM pico | 94 |
| eAPM promedio | 16.6 |
| Aldeanos / militares | 69 / 33 |
Foco
⚔️ 37.0% · 🌾 63.0%
Scout Cavalry ×33
Feudal
9:31
Castillos
19:13
Imperial
—
| APM promedio | 45.2 |
| APM pico | 66 |
| eAPM promedio | 20.2 |
| Aldeanos / militares | 59 / 30 |
Foco
⚔️ 34.8% · 🌾 65.2%
Camel Scout ×17 · Knight ×9 · Scout Cavalry ×4
Feudal
10:28
Castillos
24:38
Imperial
—
| APM promedio | 59.4 |
| APM pico | 102 |
| eAPM promedio | 16.7 |
| Aldeanos / militares | 55 / 49 |
Foco
⚔️ 33.8% · 🌾 66.2%
Archer ×49
Feudal
9:52
Castillos
27:45
Imperial
—
| APM promedio | 43.8 |
| APM pico | 81 |
| eAPM promedio | 19.4 |
| Aldeanos / militares | 69 / 63 |
Foco
⚔️ 42.9% · 🌾 57.1%
Scout Cavalry ×56 · Knight ×4 · Spearman ×3
Feudal
10:25
Castillos
23:16
Imperial
—
| APM promedio | 27.9 |
| APM pico | 80 |
| eAPM promedio | 13.0 |
| Aldeanos / militares | 74 / 23 |
Foco
⚔️ 16.2% · 🌾 83.8%
Knight ×18 · Scout Cavalry ×5
Feudal
11:55
Castillos
17:28
Imperial
—
| APM promedio | 27.3 |
| APM pico | 56 |
| eAPM promedio | 16.9 |
| Aldeanos / militares | 97 / 10 |
Foco
⚔️ 21.3% · 🌾 78.7%
Fishing Ship ×9 · Fire Galley ×4 · Galley ×2 · Monk ×2 · Demolition Raft ×1 · Spearman ×1
Mapa de la partida
Recursos al inicio + cada clic de construcción. Línea gruesa = muro · recuadro discontinuo = muro de casas detectado. 🟡 oro · ⚪ piedra · 🟢 bayas · 🔶 jabalí · ⭕ reliquia
Inputs por minuto
— Confiturier - - g0ldenJew
Build order — Confiturier
Primeras 150 de 160 acciones detectadas
| 0:00 | Crear | Villager (Male) |
| 0:01 | Crear | Villager (Male) |
| 0:01 | Crear | Villager (Male) |
| 0:04 | Construir | House |
| 0:05 | Construir | House |
| 0:37 | Crear | Villager (Male) |
| 1:29 | Crear | Villager (Male) |
| 1:50 | Construir | Lumber Camp |
| 2:02 | Crear | Villager (Male) |
| 2:16 | Crear | Villager (Male) |
| 2:49 | Crear | Villager (Male) |
| 3:04 | Construir | House |
| 3:13 | Crear | Villager (Male) |
| 3:35 | Crear | Villager (Male) |
| 4:09 | Crear | Villager (Male) |
| 4:15 | Crear | Villager (Male) |
| 5:04 | Crear | Villager (Male) |
| 5:33 | Crear | Villager (Male) |
| 5:50 | Crear | Villager (Male) |
| 5:55 | Construir | Mill |
| 6:40 | Crear | Villager (Male) |
| 6:44 | Investigar | Loom |
| 7:03 | Investigar | Feudal Age |
| 7:44 | Construir | Barracks |
| 9:02 | Crear | Villager (Male) |
| 9:19 | Edad | Edad Feudal |
| 9:20 | Investigar | Double-Bit Axe |
| 9:22 | Investigar | Horse Collar |
| 9:33 | Construir | Farm |
| 9:35 | Construir | Farm |
| 9:43 | Construir | Farm |
| 9:45 | Crear | Villager (Male) |
| 10:17 | Construir | Stable |
| 10:23 | Crear | Villager (Male) |
| 10:40 | Construir | House |
| 10:51 | Crear | Villager (Male) |
| 11:03 | Crear | Villager (Male) |
| 11:07 | Construir | House |
| 11:13 | Construir | Farm |
| 11:17 | Construir | Farm |
| 11:30 | Construir | House |
| 11:35 | Crear | Scout Cavalry |
| 11:39 | Construir | House |
| 11:49 | Crear | Villager (Male) |
| 11:57 | Construir | Farm |
| 12:03 | Construir | Farm |
| 12:09 | Construir | Farm |
| 12:10 | Crear | Villager (Male) |
| 12:18 | Crear | Scout Cavalry |
| 12:24 | Construir | Farm |
| 12:36 | Construir | Mill |
| 12:37 | Crear | Villager (Male) |
| 12:45 | Crear | Scout Cavalry |
| 12:59 | Crear | Villager (Male) |
| 13:22 | Crear | Scout Cavalry |
| 13:46 | Crear | Villager (Male) |
| 13:50 | Construir | Farm |
| 13:51 | Construir | Farm |
| 13:54 | Construir | Farm |
| 13:55 | Construir | Farm |
| 13:57 | Crear | Villager (Male) |
| 13:59 | Construir | Farm |
| 14:18 | Crear | Scout Cavalry |
| 14:26 | Construir | Mill |
| 14:26 | Crear | Villager (Male) |
| 14:37 | Crear | Villager (Male) |
| 14:39 | Construir | Farm |
| 14:41 | Crear | Scout Cavalry |
| 14:48 | Construir | Farm |
| 14:49 | Crear | Villager (Male) |
| 15:02 | Construir | Mining Camp |
| 15:14 | Construir | Farm |
| 15:14 | Construir | Farm |
| 15:15 | Construir | Farm |
| 15:19 | Crear | Scout Cavalry |
| 15:38 | Construir | Farm |
| 15:42 | Crear | Villager (Male) |
| 16:25 | Crear | Villager (Male) |
| 16:33 | Construir | House |
| 16:34 | Construir | House |
| 16:35 | Construir | House |
| 16:40 | Crear | Scout Cavalry |
| 16:40 | Crear | Scout Cavalry |
| 16:51 | Construir | Stable |
| 16:55 | Crear | Villager (Male) |
| 16:56 | Crear | Villager (Male) |
| 17:26 | Construir | Blacksmith |
| 17:40 | Crear | Villager (Male) |
| 18:07 | Crear | Scout Cavalry |
| 18:15 | Investigar | Castle Age |
| 18:24 | Construir | Building 796 |
| 18:31 | Investigar | Gold Mining |
| 18:40 | Construir | Stable |
| 19:14 | Investigar | Bloodlines |
| 19:18 | Investigar | Scale Barding Armor |
| 19:59 | Construir | House |
| 20:06 | Construir | House |
| 20:25 | Crear | Villager (Male) |
| 20:34 | Construir | Mining Camp |
| 20:45 | Investigar | Forging |
| 20:52 | Construir | House |
| 20:53 | Construir | House |
| 20:54 | Edad | Edad de los Castillos |
| 20:55 | Construir | House |
| 20:56 | Construir | House |
| 20:58 | Crear | Knight ×5 |
| 21:04 | Investigar | Heavy Plow |
| 21:25 | Crear | Villager (Male) |
| 21:31 | Investigar | Bow Saw |
| 22:07 | Crear | Villager (Male) |
| 22:15 | Construir | House |
| 22:18 | Construir | Palisade Wall |
| 22:19 | Crear | Villager (Male) |
| 22:23 | Investigar | Husbandry |
| 22:24 | Crear | Knight |
| 22:26 | Crear | Villager (Male) |
| 22:40 | Crear | Villager (Male) |
| 22:46 | Construir | Farm |
| 22:53 | Construir | Farm |
| 23:07 | Crear | Knight ×3 |
| 23:20 | Construir | House |
| 23:23 | Crear | Knight ×2 |
| 23:45 | Crear | Villager (Male) |
| 24:07 | Construir | House |
| 24:07 | Crear | Villager (Male) |
| 24:16 | Crear | Knight ×3 |
| 24:30 | Crear | Villager (Male) |
| 24:44 | Construir | Mill |
| 24:45 | Construir | Farm |
| 24:46 | Construir | Farm |
| 24:46 | Construir | Farm |
| 24:46 | Construir | Farm |
| 24:48 | Crear | Villager (Male) |
| 24:51 | Investigar | Stone Mining |
| 25:12 | Crear | Villager (Male) |
| 25:23 | Investigar | Chain Barding Armor |
| 25:30 | Crear | Villager (Male) |
| 25:34 | Construir | Farm |
| 25:36 | Construir | Farm |
| 25:36 | Crear | Villager (Male) |
| 25:48 | Crear | Knight ×2 |
| 25:50 | Construir | House |
| 25:51 | Crear | Villager (Male) |
| 26:15 | Construir | Farm |
| 26:15 | Crear | Villager (Male) |
| 26:21 | Crear | Knight ×2 |
| 26:32 | Construir | Lumber Camp |
| 26:45 | Construir | House |
| 27:05 | Crear | Knight ×2 |
| 27:20 | Construir | Farm |
Build order — g0ldenJew
132 acciones detectadas en el replay
| 0:05 | Construir | House |
| 0:08 | Construir | House |
| 0:10 | Crear | Villager (Male) ×4 |
| 0:31 | Investigar | Loom |
| 2:00 | Crear | Villager (Male) |
| 2:29 | Crear | Villager (Male) |
| 2:40 | Crear | Villager (Male) |
| 2:41 | Crear | Villager (Male) |
| 3:10 | Construir | Lumber Camp |
| 3:27 | Crear | Villager (Male) |
| 3:27 | Crear | Villager (Male) |
| 3:27 | Crear | Villager (Male) |
| 3:38 | Crear | Villager (Male) |
| 4:09 | Construir | House |
| 5:12 | Construir | Mill |
| 5:19 | Crear | Villager (Male) |
| 5:19 | Crear | Villager (Male) |
| 5:19 | Crear | Villager (Male) |
| 5:44 | Crear | Villager (Male) |
| 5:52 | Crear | Villager (Male) |
| 6:03 | Construir | House |
| 6:25 | Crear | Villager (Male) |
| 6:36 | Crear | Villager (Male) |
| 7:01 | Crear | Villager (Male) |
| 7:24 | Crear | Villager (Male) |
| 7:50 | Crear | Villager (Male) |
| 8:23 | Investigar | Feudal Age |
| 8:27 | Construir | Mining Camp |
| 8:50 | Crear | Villager (Male) |
| 9:02 | Construir | Palisade Wall |
| 9:04 | Construir | Palisade Wall |
| 9:05 | Construir | Palisade Wall |
| 9:17 | Crear | Villager (Male) |
| 9:17 | Crear | Villager (Male) |
| 9:27 | Construir | Barracks |
| 10:11 | Construir | Palisade Wall |
| 10:33 | Edad | Edad Feudal |
| 10:33 | Construir | Palisade Wall |
| 10:50 | Construir | Archery Range |
| 10:58 | Construir | Palisade Wall |
| 11:01 | Construir | Palisade Wall |
| 11:14 | Crear | Spearman |
| 11:30 | Construir | House |
| 11:37 | Construir | House |
| 11:49 | Crear | Spearman |
| 12:04 | Crear | Spearman |
| 12:06 | Crear | Archer |
| 12:06 | Crear | Archer |
| 12:17 | Investigar | Double-Bit Axe |
| 12:27 | Construir | Palisade Wall |
| 12:33 | Crear | Villager (Male) |
| 12:34 | Crear | Villager (Male) |
| 12:37 | Crear | Archer |
| 12:49 | Crear | Spearman |
| 12:51 | Crear | Spearman |
| 12:57 | Crear | Archer |
| 12:57 | Crear | Archer |
| 13:18 | Crear | Archer |
| 13:26 | Crear | Spearman |
| 13:26 | Crear | Spearman |
| 13:26 | Crear | Villager (Male) |
| 13:32 | Construir | House |
| 13:53 | Construir | House |
| 13:55 | Crear | Archer |
| 13:56 | Crear | Spearman |
| 14:11 | Crear | Archer |
| 14:14 | Crear | Spearman |
| 14:36 | Construir | House |
| 14:40 | Construir | House |
| 15:09 | Crear | Spearman |
| 15:09 | Crear | Spearman |
| 15:15 | Construir | Farm |
| 15:15 | Construir | Farm |
| 15:15 | Construir | Farm |
| 15:16 | Construir | Farm |
| 15:16 | Construir | Farm |
| 15:16 | Construir | Farm |
| 15:17 | Construir | Farm |
| 15:36 | Crear | Archer |
| 15:42 | Construir | House |
| 16:00 | Construir | Farm |
| 16:01 | Construir | Farm |
| 16:01 | Construir | Farm |
| 16:39 | Crear | Archer |
| 16:40 | Crear | Villager (Male) |
| 16:40 | Crear | Villager (Male) |
| 16:51 | Construir | Blacksmith |
| 16:59 | Crear | Archer |
| 17:00 | Crear | Spearman |
| 17:15 | Construir | Farm |
| 17:37 | Crear | Spearman |
| 17:40 | Crear | Archer |
| 17:44 | Construir | House |
| 17:47 | Crear | Villager (Male) |
| 17:59 | Crear | Spearman |
| 18:25 | Crear | Spearman |
| 18:29 | Construir | Farm |
| 18:33 | Construir | Farm |
| 18:44 | Crear | Villager (Male) |
| 18:45 | Crear | Villager (Male) |
| 18:51 | Construir | Watch Tower |
| 19:07 | Crear | Villager (Male) |
| 19:21 | Construir | Farm |
| 19:38 | Crear | Spearman |
| 19:39 | Crear | Spearman |
| 19:40 | Crear | Archer |
| 19:57 | Crear | Villager (Male) |
| 20:39 | Crear | Villager (Male) |
| 20:40 | Crear | Villager (Male) |
| 20:49 | Construir | Market |
| 21:07 | Crear | Villager (Male) |
| 21:14 | Construir | Mining Camp |
| 21:33 | Crear | Villager (Male) |
| 22:30 | Construir | Mining Camp |
| 22:37 | Investigar | Castle Age |
| 22:56 | Construir | House |
| 22:57 | Construir | House |
| 23:10 | Investigar | Horse Collar |
| 23:17 | Crear | Spearman |
| 23:33 | Investigar | Stone Mining |
| 23:53 | Construir | House |
| 24:01 | Construir | House |
| 25:17 | Edad | Edad de los Castillos |
| 26:44 | Construir | Town Center |
| 26:55 | Construir | Castle |
| 26:59 | Crear | Villager (Male) |
| 27:00 | Crear | Villager (Male) |
| 27:26 | Crear | Villager (Male) |
| 27:39 | Construir | Stone Wall |
| 27:53 | Crear | Villager (Male) |
| 27:54 | Crear | Villager (Male) |
| 28:33 | Construir | Farm |
Build order — Chili
Primeras 150 de 174 acciones detectadas
| 0:00 | Crear | Villager (Male) |
| 0:01 | Crear | Villager (Male) |
| 0:04 | Construir | House |
| 0:05 | Construir | House |
| 0:05 | Crear | Villager (Male) |
| 0:16 | Crear | Villager (Male) |
| 1:36 | Crear | Villager (Male) |
| 1:52 | Crear | Villager (Male) |
| 2:15 | Construir | Lumber Camp |
| 2:21 | Crear | Villager (Male) |
| 2:36 | Crear | Villager (Male) |
| 3:14 | Crear | Villager (Male) |
| 3:30 | Construir | House |
| 3:42 | Crear | Villager (Male) |
| 3:43 | Crear | Villager (Male) |
| 3:58 | Crear | Villager (Male) |
| 4:17 | Crear | Villager (Male) |
| 5:24 | Crear | Villager (Male) |
| 5:27 | Construir | Mill |
| 5:40 | Crear | Villager (Male) |
| 5:42 | Crear | Villager (Male) |
| 5:43 | Investigar | Loom |
| 6:47 | Investigar | Feudal Age |
| 6:47 | Investigar | Feudal Age |
| 7:02 | Construir | Barracks |
| 8:18 | Construir | House |
| 8:57 | Edad | Edad Feudal |
| 9:00 | Crear | Villager (Male) |
| 9:13 | Construir | Stable |
| 9:16 | Crear | Villager (Male) |
| 9:29 | Crear | Villager (Male) |
| 9:36 | Investigar | Double-Bit Axe |
| 9:45 | Crear | Villager (Male) |
| 9:56 | Crear | Villager (Male) |
| 10:08 | Construir | House |
| 10:10 | Construir | Palisade Wall |
| 10:13 | Crear | Scout Cavalry |
| 10:13 | Crear | Scout Cavalry |
| 10:20 | Crear | Villager (Male) |
| 10:33 | Crear | Scout Cavalry |
| 10:52 | Construir | Palisade Wall |
| 11:02 | Construir | House |
| 11:06 | Crear | Scout Cavalry |
| 11:07 | Crear | Villager (Male) |
| 11:09 | Crear | Villager (Male) |
| 11:15 | Investigar | Horse Collar |
| 11:18 | Construir | Farm |
| 11:22 | Construir | Farm |
| 11:22 | Crear | Villager (Male) |
| 11:33 | Crear | Scout Cavalry |
| 11:55 | Crear | Scout Cavalry |
| 11:59 | Construir | Blacksmith |
| 12:06 | Crear | Villager (Male) |
| 12:09 | Construir | Farm |
| 12:30 | Construir | Farm |
| 12:33 | Construir | Farm |
| 12:33 | Crear | Villager (Male) |
| 13:09 | Crear | Scout Cavalry |
| 13:10 | Crear | Scout Cavalry |
| 13:28 | Crear | Villager (Male) |
| 13:37 | Construir | House |
| 14:00 | Crear | Scout Cavalry |
| 14:00 | Crear | Villager (Male) |
| 14:02 | Construir | Farm |
| 14:03 | Construir | Farm |
| 14:03 | Construir | Farm |
| 14:03 | Construir | Farm |
| 14:03 | Construir | Farm |
| 14:04 | Construir | Farm |
| 14:04 | Construir | Farm |
| 14:08 | Crear | Villager (Male) |
| 14:25 | Crear | Villager (Male) |
| 14:28 | Construir | House |
| 14:29 | Construir | House |
| 15:10 | Crear | Scout Cavalry |
| 15:10 | Crear | Scout Cavalry |
| 15:34 | Crear | Scout Cavalry |
| 16:01 | Crear | Scout Cavalry |
| 16:30 | Crear | Scout Cavalry |
| 16:33 | Construir | Farm |
| 16:33 | Construir | Farm |
| 16:34 | Construir | Farm |
| 16:34 | Construir | Farm |
| 16:34 | Construir | Farm |
| 16:38 | Construir | Mining Camp |
| 16:41 | Crear | Villager (Male) |
| 16:41 | Crear | Villager (Male) |
| 17:04 | Crear | Scout Cavalry |
| 17:08 | Construir | House |
| 17:14 | Crear | Villager (Male) |
| 17:16 | Construir | Farm |
| 17:20 | Construir | Farm |
| 17:20 | Construir | Farm |
| 17:20 | Construir | Farm |
| 17:21 | Construir | Farm |
| 17:37 | Crear | Scout Cavalry |
| 17:41 | Construir | Stable |
| 18:09 | Investigar | Scale Barding Armor |
| 18:21 | Crear | Scout Cavalry |
| 18:26 | Crear | Villager (Male) |
| 18:47 | Crear | Scout Cavalry |
| 19:01 | Crear | Villager (Male) |
| 19:04 | Construir | House |
| 19:05 | Construir | House |
| 19:19 | Crear | Villager (Male) |
| 19:44 | Investigar | Forging |
| 20:06 | Crear | Villager (Male) |
| 20:07 | Crear | Villager (Male) |
| 20:12 | Construir | Market |
| 20:17 | Construir | House |
| 20:18 | Construir | House |
| 20:40 | Crear | Villager (Male) |
| 20:46 | Construir | House |
| 20:50 | Construir | Building 796 |
| 20:52 | Construir | Palisade Wall |
| 21:03 | Crear | Villager (Male) |
| 21:35 | Investigar | Castle Age |
| 21:46 | Investigar | Bloodlines |
| 21:51 | Construir | Farm |
| 22:04 | Crear | Scout Cavalry |
| 22:28 | Crear | Scout Cavalry |
| 22:28 | Crear | Scout Cavalry |
| 22:31 | Crear | Villager (Male) |
| 22:39 | Construir | Stable |
| 22:53 | Crear | Scout Cavalry |
| 22:53 | Crear | Scout Cavalry |
| 23:05 | Crear | Scout Cavalry |
| 23:17 | Construir | Farm |
| 23:20 | Construir | Farm |
| 23:34 | Crear | Villager (Male) |
| 23:35 | Crear | Villager (Male) |
| 23:41 | Crear | Villager (Male) |
| 23:47 | Construir | House |
| 23:57 | Crear | Villager (Male) |
| 23:58 | Crear | Villager (Male) |
| 24:01 | Crear | Scout Cavalry |
| 24:01 | Crear | Scout Cavalry |
| 24:02 | Crear | Scout Cavalry |
| 24:26 | Edad | Edad de los Castillos |
| 24:33 | Investigar | Iron Casting |
| 24:52 | Crear | Villager (Male) |
| 24:53 | Crear | Villager (Male) |
| 25:03 | Crear | Villager (Male) |
| 25:03 | Crear | Villager (Male) |
| 25:06 | Investigar | Wheelbarrow |
| 25:06 | Crear | Villager (Male) |
| 25:13 | Crear | Villager (Male) |
| 25:35 | Crear | Villager (Male) |
| 25:36 | Crear | Villager (Male) |
| 25:45 | Crear | Villager (Male) |
Build order — PatCrespo
142 acciones detectadas en el replay
| 0:00 | Crear | Villager (Male) |
| 0:00 | Crear | Villager (Male) |
| 0:01 | Crear | Villager (Male) |
| 0:01 | Crear | Villager (Male) |
| 0:02 | Construir | House |
| 0:03 | Construir | House |
| 1:29 | Crear | Villager (Male) |
| 1:59 | Construir | Lumber Camp |
| 2:06 | Construir | Palisade Wall |
| 2:21 | Crear | Villager (Male) |
| 2:21 | Crear | Villager (Male) |
| 2:46 | Construir | House |
| 2:53 | Crear | Villager (Male) |
| 2:54 | Crear | Villager (Male) |
| 3:45 | Crear | Villager (Male) |
| 3:45 | Crear | Villager (Male) |
| 3:45 | Crear | Villager (Male) |
| 3:48 | Crear | Villager (Male) |
| 4:26 | Crear | Villager (Male) |
| 4:43 | Construir | House |
| 5:04 | Crear | Villager (Male) |
| 5:04 | Crear | Villager (Male) |
| 5:15 | Construir | Mill |
| 5:20 | Crear | Villager (Male) |
| 5:32 | Crear | Villager (Male) |
| 5:32 | Crear | Villager (Male) |
| 5:32 | Crear | Villager (Male) |
| 5:55 | Crear | Villager (Male) |
| 6:02 | Crear | Villager (Male) |
| 6:04 | Crear | Villager (Male) |
| 6:07 | Investigar | Loom |
| 7:03 | Investigar | Feudal Age |
| 7:40 | Construir | Barracks |
| 8:00 | Crear | Villager (Male) |
| 8:21 | Crear | Villager (Male) |
| 8:57 | Crear | Villager (Male) |
| 9:16 | Crear | Villager (Male) |
| 9:16 | Crear | Villager (Male) |
| 9:31 | Edad | Edad Feudal |
| 9:35 | Construir | Stable |
| 9:45 | Crear | Villager (Male) |
| 10:18 | Crear | Scout Cavalry |
| 10:18 | Crear | Scout Cavalry |
| 10:38 | Crear | Villager (Male) |
| 10:38 | Crear | Villager (Male) |
| 10:43 | Construir | Blacksmith |
| 11:05 | Construir | House |
| 11:27 | Crear | Scout Cavalry |
| 11:54 | Investigar | Double-Bit Axe |
| 12:11 | Construir | Lumber Camp |
| 12:29 | Investigar | Horse Collar |
| 13:51 | Crear | Villager (Male) |
| 13:53 | Construir | House |
| 13:55 | Construir | Farm |
| 13:55 | Construir | Farm |
| 13:55 | Construir | Farm |
| 13:55 | Construir | Farm |
| 13:58 | Construir | Farm |
| 13:58 | Construir | Farm |
| 13:58 | Construir | Farm |
| 14:37 | Construir | House |
| 14:43 | Construir | Mining Camp |
| 14:52 | Investigar | Wheelbarrow |
| 15:23 | Construir | Farm |
| 15:24 | Construir | Farm |
| 15:51 | Construir | Market |
| 16:00 | Construir | Farm |
| 16:20 | Crear | Scout Cavalry |
| 16:33 | Investigar | Castle Age |
| 17:14 | Construir | Farm |
| 17:55 | Investigar | Scale Barding Armor |
| 18:31 | Construir | Stable |
| 18:36 | Construir | Stable |
| 18:49 | Investigar | Bloodlines |
| 19:03 | Investigar | Forging |
| 19:13 | Edad | Edad de los Castillos |
| 19:20 | Construir | Town Center |
| 19:27 | Crear | Knight ×2 |
| 19:33 | Crear | Knight |
| 19:43 | Construir | House |
| 20:05 | Construir | Palisade Wall |
| 20:06 | Investigar | Stone Mining |
| 20:54 | Crear | Villager (Male) |
| 20:54 | Crear | Villager (Male) |
| 20:54 | Crear | Villager (Male) |
| 21:05 | Crear | Knight |
| 21:52 | Crear | Knight |
| 22:07 | Crear | Villager (Male) |
| 22:08 | Crear | Villager (Male) |
| 22:08 | Crear | Villager (Male) |
| 22:08 | Crear | Villager (Male) |
| 22:08 | Crear | Villager (Male) |
| 22:20 | Construir | Farm |
| 22:41 | Crear | Knight |
| 22:54 | Construir | Farm |
| 22:56 | Construir | Farm |
| 22:57 | Construir | Farm |
| 22:58 | Construir | Farm |
| 22:59 | Crear | Villager (Male) |
| 22:59 | Crear | Villager (Male) |
| 23:39 | Crear | Knight ×2 |
| 23:42 | Construir | Palisade Wall |
| 23:44 | Construir | Palisade Wall |
| 23:57 | Crear | Knight |
| 24:18 | Crear | Camel Scout |
| 25:01 | Crear | Camel Scout |
| 25:08 | Crear | Villager (Male) |
| 25:08 | Crear | Villager (Male) |
| 25:08 | Crear | Villager (Male) |
| 25:11 | Construir | House |
| 25:14 | Construir | House |
| 25:15 | Construir | House |
| 25:17 | Construir | Farm |
| 25:18 | Construir | Farm |
| 25:19 | Crear | Villager (Male) |
| 25:19 | Crear | Villager (Male) |
| 25:20 | Crear | Villager (Male) |
| 25:20 | Crear | Villager (Male) |
| 25:38 | Construir | Farm |
| 25:40 | Construir | Farm |
| 25:43 | Construir | Farm |
| 25:57 | Crear | Camel Scout ×3 |
| 25:59 | Crear | Camel Scout |
| 26:10 | Crear | Villager (Male) |
| 26:10 | Crear | Villager (Male) |
| 26:10 | Crear | Villager (Male) |
| 26:13 | Construir | Farm |
| 26:33 | Crear | Villager (Male) |
| 26:33 | Crear | Villager (Male) |
| 26:33 | Crear | Villager (Male) |
| 26:36 | Construir | Farm |
| 26:36 | Construir | Farm |
| 26:37 | Construir | Farm |
| 26:37 | Construir | Farm |
| 28:00 | Crear | Villager (Male) |
| 28:00 | Crear | Villager (Male) |
| 28:01 | Crear | Villager (Male) |
| 28:01 | Crear | Villager (Male) |
| 28:26 | Construir | Town Center |
| 28:33 | Crear | Camel Scout ×5 |
| 28:34 | Crear | Camel Scout ×3 |
| 28:34 | Crear | Camel Scout ×3 |
Build order — TartineMiamMiam
Primeras 150 de 158 acciones detectadas
| 0:01 | Crear | Villager (Male) |
| 0:02 | Crear | Villager (Male) |
| 0:02 | Crear | Villager (Male) |
| 0:02 | Crear | Villager (Male) |
| 0:02 | Crear | Villager (Male) |
| 0:04 | Construir | House |
| 0:06 | Construir | House |
| 0:10 | Construir | House |
| 1:27 | Crear | Villager (Male) |
| 1:58 | Construir | Lumber Camp |
| 2:00 | Crear | Villager (Male) |
| 2:21 | Crear | Villager (Male) |
| 2:38 | Crear | Villager (Male) |
| 3:06 | Crear | Villager (Male) |
| 3:12 | Construir | House |
| 3:46 | Crear | Villager (Male) |
| 4:03 | Crear | Villager (Male) |
| 4:39 | Crear | Villager (Male) |
| 4:39 | Crear | Villager (Male) |
| 4:39 | Crear | Villager (Male) |
| 4:47 | Construir | Palisade Wall |
| 4:49 | Construir | Palisade Wall |
| 4:55 | Construir | Palisade Wall |
| 4:57 | Construir | Palisade Wall |
| 5:09 | Crear | Villager (Male) |
| 5:41 | Construir | Mining Camp |
| 6:38 | Crear | Villager (Male) |
| 6:41 | Crear | Villager (Male) |
| 6:41 | Crear | Villager (Male) |
| 7:44 | Investigar | Loom |
| 8:03 | Investigar | Feudal Age |
| 8:53 | Construir | Barracks |
| 9:00 | Construir | Barracks |
| 9:05 | Crear | Villager (Male) |
| 9:17 | Construir | House |
| 9:39 | Construir | House |
| 10:00 | Construir | Mill |
| 10:28 | Edad | Edad Feudal |
| 10:32 | Construir | Archery Range |
| 10:35 | Investigar | Double-Bit Axe |
| 10:56 | Construir | Archery Range |
| 10:59 | Construir | Palisade Wall |
| 11:06 | Crear | Villager (Male) |
| 11:21 | Crear | Villager (Male) |
| 11:33 | Crear | Archer |
| 11:43 | Construir | Blacksmith |
| 11:53 | Crear | Archer |
| 11:53 | Crear | Archer |
| 12:18 | Crear | Archer |
| 12:23 | Crear | Villager (Male) |
| 12:27 | Construir | Farm |
| 12:36 | Construir | House |
| 12:36 | Construir | House |
| 12:40 | Crear | Villager (Male) |
| 13:13 | Crear | Archer |
| 13:14 | Crear | Archer |
| 13:14 | Crear | Archer |
| 13:39 | Crear | Archer |
| 14:18 | Crear | Archer |
| 14:18 | Crear | Archer |
| 14:21 | Crear | Villager (Male) |
| 14:22 | Crear | Villager (Male) |
| 14:23 | Construir | Farm |
| 14:24 | Construir | Farm |
| 14:26 | Crear | Villager (Male) |
| 14:45 | Construir | Palisade Gate |
| 15:41 | Crear | Archer ×5 |
| 16:15 | Construir | Archery Range |
| 16:18 | Crear | Villager (Male) |
| 16:18 | Crear | Villager (Male) |
| 16:22 | Construir | Farm |
| 16:23 | Construir | Farm |
| 16:26 | Construir | Farm |
| 16:31 | Crear | Villager (Male) |
| 16:37 | Investigar | Fletching |
| 16:39 | Crear | Archer |
| 17:10 | Crear | Archer |
| 17:10 | Crear | Archer |
| 17:14 | Crear | Villager (Male) |
| 17:17 | Construir | Farm |
| 17:19 | Construir | Farm |
| 17:48 | Crear | Archer |
| 17:48 | Crear | Archer |
| 17:50 | Crear | Villager (Male) |
| 17:50 | Crear | Villager (Male) |
| 17:52 | Construir | Farm |
| 18:41 | Crear | Villager (Male) |
| 18:44 | Investigar | Town Watch |
| 18:46 | Construir | House |
| 18:47 | Construir | House |
| 18:52 | Construir | House |
| 18:53 | Construir | House |
| 18:59 | Construir | Market |
| 19:03 | Crear | Archer ×4 |
| 19:53 | Crear | Villager (Male) |
| 19:53 | Crear | Villager (Male) |
| 19:55 | Crear | Archer |
| 19:55 | Crear | Archer |
| 19:57 | Crear | Villager (Male) |
| 19:57 | Crear | Villager (Male) |
| 20:00 | Construir | Farm |
| 20:05 | Crear | Archer |
| 20:05 | Crear | Archer |
| 20:07 | Construir | House |
| 20:07 | Construir | House |
| 20:52 | Crear | Villager (Male) |
| 20:53 | Crear | Villager (Male) |
| 20:55 | Construir | Farm |
| 20:59 | Crear | Archer |
| 21:00 | Crear | Archer |
| 21:00 | Crear | Archer |
| 21:28 | Crear | Villager (Male) |
| 21:29 | Crear | Villager (Male) |
| 21:34 | Construir | House |
| 21:34 | Construir | House |
| 21:35 | Construir | House |
| 21:54 | Investigar | Castle Age |
| 22:28 | Crear | Villager (Male) |
| 22:30 | Construir | Farm |
| 23:33 | Crear | Archer |
| 23:34 | Crear | Archer |
| 23:34 | Crear | Archer |
| 23:34 | Crear | Archer |
| 23:37 | Investigar | Padded Archer Armor |
| 23:58 | Construir | House |
| 23:59 | Construir | House |
| 24:00 | Construir | House |
| 24:02 | Crear | Villager (Male) |
| 24:02 | Crear | Villager (Male) |
| 24:04 | Crear | Archer |
| 24:04 | Crear | Archer |
| 24:38 | Edad | Edad de los Castillos |
| 24:52 | Construir | Town Center |
| 24:56 | Investigar | Bow Saw |
| 24:57 | Investigar | Crossbowman (upgrade) |
| 24:59 | Investigar | Bodkin Arrow |
| 25:42 | Crear | Villager (Male) |
| 25:42 | Crear | Villager (Male) |
| 25:46 | Construir | University |
| 25:59 | Crear | Villager (Male) |
| 25:59 | Crear | Villager (Male) |
| 26:05 | Crear | Archer ×5 |
| 26:09 | Crear | Villager (Male) |
| 26:22 | Crear | Archer |
| 26:22 | Crear | Archer |
| 26:26 | Construir | House |
| 28:36 | Crear | Villager (Male) |
| 28:36 | Crear | Villager (Male) |
| 28:38 | Construir | Farm |
| 28:39 | Construir | Farm |
Build order — Lay-Z
Primeras 150 de 201 acciones detectadas
| 0:00 | Crear | Villager (Male) |
| 0:00 | Crear | Villager (Male) |
| 0:02 | Construir | House |
| 0:05 | Construir | House |
| 0:18 | Crear | Villager (Male) |
| 0:19 | Crear | Villager (Male) |
| 0:19 | Crear | Villager (Male) |
| 1:29 | Crear | Villager (Male) |
| 1:58 | Construir | Lumber Camp |
| 2:01 | Crear | Villager (Male) |
| 2:24 | Crear | Villager (Male) |
| 3:01 | Crear | Villager (Male) |
| 3:11 | Crear | Villager (Male) |
| 3:23 | Crear | Villager (Male) |
| 3:35 | Construir | House |
| 4:02 | Crear | Villager (Male) |
| 4:27 | Construir | Mill |
| 4:51 | Crear | Villager (Male) |
| 4:51 | Crear | Villager (Male) |
| 4:52 | Crear | Villager (Male) |
| 4:52 | Crear | Villager (Male) |
| 4:54 | Crear | Villager (Male) |
| 5:55 | Crear | Villager (Male) |
| 6:24 | Crear | Villager (Male) |
| 6:32 | Construir | House |
| 6:35 | Investigar | Loom |
| 6:50 | Crear | Villager (Male) |
| 7:08 | Crear | Villager (Male) |
| 7:31 | Investigar | Feudal Age |
| 7:54 | Crear | Villager (Male) |
| 8:20 | Construir | Barracks |
| 8:26 | Construir | House |
| 9:20 | Crear | Villager (Male) |
| 9:52 | Edad | Edad Feudal |
| 9:55 | Construir | Stable |
| 9:57 | Investigar | Double-Bit Axe |
| 10:00 | Investigar | Horse Collar |
| 10:09 | Construir | Farm |
| 10:19 | Crear | Spearman |
| 10:24 | Crear | Villager (Male) |
| 10:26 | Construir | Farm |
| 10:37 | Construir | Farm |
| 10:38 | Crear | Scout Cavalry |
| 10:38 | Crear | Scout Cavalry |
| 10:43 | Crear | Villager (Male) |
| 10:46 | Construir | Farm |
| 11:03 | Construir | Farm |
| 11:08 | Crear | Scout Cavalry |
| 11:15 | Crear | Villager (Male) |
| 11:17 | Construir | Farm |
| 11:24 | Construir | House |
| 11:30 | Construir | Farm |
| 11:38 | Crear | Scout Cavalry |
| 11:54 | Crear | Villager (Male) |
| 11:56 | Construir | Farm |
| 12:03 | Crear | Spearman |
| 12:04 | Crear | Villager (Male) |
| 12:18 | Construir | Farm |
| 12:19 | Construir | House |
| 12:22 | Construir | Farm |
| 12:54 | Crear | Villager (Male) |
| 12:54 | Crear | Villager (Male) |
| 13:00 | Crear | Villager (Male) |
| 13:00 | Crear | Villager (Male) |
| 13:03 | Construir | Farm |
| 13:03 | Construir | Farm |
| 13:04 | Construir | Farm |
| 13:04 | Construir | Farm |
| 13:14 | Crear | Scout Cavalry |
| 13:14 | Crear | Scout Cavalry |
| 13:28 | Construir | House |
| 13:29 | Construir | House |
| 13:43 | Crear | Villager (Male) |
| 13:44 | Crear | Scout Cavalry |
| 14:03 | Crear | Scout Cavalry |
| 14:04 | Crear | Villager (Male) |
| 14:12 | Construir | Blacksmith |
| 14:13 | Construir | Mining Camp |
| 14:27 | Crear | Spearman |
| 14:35 | Crear | Scout Cavalry |
| 14:36 | Crear | Villager (Male) |
| 14:53 | Crear | Villager (Male) |
| 14:53 | Crear | Villager (Male) |
| 14:55 | Construir | Farm |
| 14:59 | Construir | Farm |
| 15:17 | Crear | Scout Cavalry |
| 15:17 | Crear | Villager (Male) |
| 15:36 | Crear | Villager (Male) |
| 15:58 | Crear | Villager (Male) |
| 15:59 | Crear | Scout Cavalry |
| 16:02 | Crear | Villager (Male) |
| 16:23 | Crear | Villager (Male) |
| 16:35 | Crear | Villager (Male) |
| 16:38 | Construir | Farm |
| 16:38 | Construir | Farm |
| 16:39 | Construir | Farm |
| 16:39 | Construir | Farm |
| 16:39 | Construir | Farm |
| 16:42 | Investigar | Forging |
| 16:45 | Construir | Farm |
| 16:49 | Construir | Farm |
| 16:50 | Crear | Villager (Male) |
| 17:05 | Construir | Farm |
| 17:27 | Construir | Farm |
| 17:39 | Investigar | Wheelbarrow |
| 17:43 | Investigar | Scale Barding Armor |
| 17:50 | Crear | Scout Cavalry |
| 18:18 | Crear | Villager (Male) |
| 18:27 | Crear | Scout Cavalry |
| 18:56 | Crear | Scout Cavalry |
| 18:56 | Crear | Scout Cavalry |
| 19:13 | Construir | Stable |
| 19:16 | Crear | Scout Cavalry |
| 19:31 | Construir | House |
| 19:33 | Construir | House |
| 19:34 | Construir | Palisade Wall |
| 19:38 | Crear | Scout Cavalry |
| 19:38 | Crear | Scout Cavalry |
| 19:55 | Crear | Scout Cavalry |
| 19:56 | Crear | Scout Cavalry |
| 20:06 | Construir | Lumber Camp |
| 20:12 | Construir | House |
| 20:15 | Crear | Scout Cavalry |
| 20:15 | Crear | Scout Cavalry |
| 20:18 | Crear | Scout Cavalry |
| 20:18 | Crear | Scout Cavalry |
| 20:38 | Crear | Scout Cavalry |
| 20:39 | Crear | Scout Cavalry |
| 20:46 | Crear | Villager (Male) |
| 20:46 | Crear | Villager (Male) |
| 20:49 | Construir | Farm |
| 21:14 | Crear | Scout Cavalry |
| 21:14 | Crear | Scout Cavalry |
| 21:14 | Crear | Villager (Male) |
| 21:14 | Crear | Villager (Male) |
| 21:18 | Crear | Villager (Male) |
| 21:19 | Crear | Villager (Male) |
| 21:19 | Crear | Villager (Male) |
| 21:31 | Investigar | Bloodlines |
| 21:44 | Crear | Villager (Male) |
| 21:44 | Crear | Villager (Male) |
| 21:51 | Crear | Scout Cavalry |
| 22:09 | Crear | Villager (Male) |
| 22:28 | Crear | Scout Cavalry |
| 22:29 | Crear | Villager (Male) |
| 22:46 | Crear | Scout Cavalry |
| 22:47 | Crear | Scout Cavalry |
| 22:47 | Crear | Villager (Male) |
| 22:47 | Crear | Villager (Male) |
| 23:08 | Crear | Scout Cavalry |
Build order — nanoushka
147 acciones detectadas en el replay
| 0:00 | Crear | Villager (Male) |
| 0:01 | Crear | Villager (Male) |
| 0:01 | Crear | Villager (Male) |
| 0:03 | Construir | House |
| 0:05 | Construir | House |
| 0:56 | Crear | Villager (Male) |
| 1:30 | Crear | Villager (Male) |
| 2:03 | Investigar | Loom |
| 2:04 | Crear | Villager (Male) |
| 2:25 | Crear | Villager (Male) |
| 3:49 | Crear | Villager (Male) |
| 3:49 | Crear | Villager (Male) |
| 3:49 | Crear | Villager (Male) |
| 4:27 | Construir | Lumber Camp |
| 4:49 | Construir | House |
| 4:55 | Crear | Villager (Male) |
| 5:38 | Crear | Villager (Male) |
| 5:39 | Crear | Villager (Male) |
| 6:41 | Construir | Mill |
| 6:48 | Crear | Villager (Male) |
| 6:49 | Crear | Villager (Male) |
| 6:49 | Crear | Villager (Male) |
| 6:51 | Crear | Villager (Male) |
| 8:15 | Investigar | Feudal Age |
| 9:01 | Crear | Villager (Male) |
| 9:02 | Crear | Villager (Male) |
| 9:27 | Construir | House |
| 9:35 | Construir | House |
| 9:43 | Construir | Palisade Wall |
| 9:44 | Construir | Palisade Wall |
| 10:04 | Construir | Barracks |
| 10:25 | Edad | Edad Feudal |
| 10:30 | Crear | Villager (Male) |
| 10:34 | Investigar | Horse Collar |
| 10:37 | Investigar | Double-Bit Axe |
| 11:05 | Construir | Stable |
| 11:15 | Crear | Villager (Male) |
| 11:21 | Construir | Farm |
| 11:56 | Construir | Farm |
| 11:57 | Construir | Farm |
| 11:57 | Construir | Farm |
| 12:00 | Crear | Villager (Male) |
| 12:01 | Crear | Villager (Male) |
| 12:31 | Crear | Scout Cavalry |
| 12:39 | Construir | Farm |
| 12:40 | Construir | Farm |
| 12:50 | Crear | Villager (Male) |
| 13:14 | Crear | Villager (Male) |
| 13:18 | Construir | Farm |
| 13:28 | Construir | House |
| 13:33 | Construir | House |
| 13:36 | Crear | Villager (Male) |
| 13:39 | Crear | Villager (Male) |
| 13:44 | Construir | Farm |
| 14:22 | Crear | Villager (Male) |
| 14:25 | Construir | Farm |
| 14:33 | Construir | House |
| 14:36 | Construir | House |
| 14:36 | Construir | House |
| 14:42 | Crear | Villager (Male) |
| 14:42 | Crear | Villager (Male) |
| 14:45 | Crear | Scout Cavalry |
| 14:46 | Crear | Scout Cavalry |
| 14:53 | Construir | Farm |
| 14:58 | Construir | Farm |
| 15:00 | Crear | Villager (Male) |
| 15:28 | Construir | Blacksmith |
| 16:26 | Crear | Villager (Male) ×5 |
| 16:54 | Construir | Farm |
| 16:54 | Construir | Farm |
| 16:54 | Construir | Farm |
| 16:54 | Construir | Farm |
| 16:55 | Construir | Farm |
| 16:55 | Construir | Farm |
| 17:01 | Construir | Farm |
| 17:02 | Construir | Farm |
| 17:02 | Construir | Farm |
| 17:02 | Construir | Farm |
| 17:02 | Construir | Farm |
| 17:13 | Crear | Scout Cavalry |
| 17:14 | Crear | Scout Cavalry |
| 17:17 | Investigar | Scale Barding Armor |
| 17:26 | Construir | Mining Camp |
| 18:05 | Investigar | Gold Mining |
| 18:10 | Construir | Farm |
| 18:14 | Crear | Villager (Male) |
| 18:14 | Crear | Villager (Male) |
| 18:14 | Crear | Villager (Male) |
| 19:03 | Crear | Villager (Male) |
| 19:04 | Crear | Villager (Male) |
| 19:15 | Construir | House |
| 19:19 | Construir | House |
| 20:30 | Crear | Villager (Male) |
| 20:31 | Crear | Villager (Male) |
| 20:36 | Investigar | Castle Age |
| 21:18 | Construir | Stable |
| 21:37 | Construir | Market |
| 21:47 | Construir | House |
| 21:47 | Construir | House |
| 22:17 | Investigar | Forging |
| 22:24 | Investigar | Wheelbarrow |
| 22:25 | Crear | Villager (Male) |
| 22:25 | Crear | Villager (Male) |
| 22:25 | Crear | Villager (Male) |
| 23:10 | Investigar | Stone Mining |
| 23:16 | Edad | Edad de los Castillos |
| 23:26 | Construir | Town Center |
| 23:31 | Investigar | Bow Saw |
| 23:35 | Investigar | Heavy Plow |
| 23:39 | Investigar | Gold Shaft Mining |
| 23:43 | Crear | Villager (Male) ×5 |
| 23:47 | Construir | Farm |
| 24:13 | Investigar | Husbandry |
| 24:15 | Investigar | Bloodlines |
| 24:17 | Crear | Knight ×5 |
| 24:49 | Construir | Town Center |
| 24:56 | Crear | Villager (Male) |
| 24:57 | Crear | Villager (Male) |
| 25:01 | Crear | Villager (Male) |
| 25:01 | Crear | Villager (Male) |
| 25:02 | Crear | Villager (Male) |
| 25:37 | Crear | Knight ×4 |
| 25:56 | Construir | Farm |
| 25:58 | Construir | Farm |
| 26:01 | Construir | Farm |
| 26:34 | Crear | Villager (Male) |
| 26:34 | Crear | Villager (Male) |
| 26:35 | Crear | Villager (Male) |
| 26:35 | Crear | Villager (Male) |
| 26:46 | Construir | Mining Camp |
| 26:58 | Crear | Villager (Male) ×5 |
| 26:59 | Crear | Knight ×4 |
| 27:12 | Construir | Palisade Wall |
| 27:20 | Crear | Villager (Male) |
| 27:20 | Crear | Villager (Male) |
| 27:23 | Crear | Villager (Male) ×2 |
| 27:35 | Construir | Farm |
| 27:35 | Construir | Farm |
| 27:35 | Construir | Farm |
| 27:35 | Construir | Farm |
| 27:35 | Construir | Farm |
| 27:36 | Construir | Farm |
| 27:36 | Construir | Farm |
| 27:37 | Construir | Farm |
| 27:42 | Construir | Farm |
| 28:28 | Crear | Villager (Male) ×5 |
| 28:29 | Crear | Knight ×5 |
Build order — reckem3
Primeras 150 de 221 acciones detectadas
| 0:02 | Crear | Villager (Male) |
| 0:03 | Construir | House |
| 0:04 | Construir | House |
| 0:04 | Crear | Villager (Male) |
| 0:05 | Crear | Villager (Male) |
| 0:05 | Crear | Villager (Male) |
| 1:28 | Crear | Villager (Male) |
| 2:01 | Crear | Villager (Male) |
| 2:01 | Crear | Villager (Male) |
| 2:18 | Construir | Lumber Camp |
| 2:23 | Crear | Villager (Male) |
| 2:55 | Crear | Villager (Male) |
| 3:15 | Crear | Villager (Male) |
| 3:28 | Construir | House |
| 3:35 | Construir | House |
| 3:45 | Investigar | Loom |
| 3:51 | Crear | Villager (Male) |
| 4:08 | Crear | Villager (Male) |
| 4:15 | Construir | Palisade Wall |
| 4:47 | Crear | Villager (Male) |
| 5:23 | Crear | Villager (Male) |
| 5:30 | Crear | Villager (Male) |
| 5:53 | Construir | Dock |
| 5:56 | Crear | Villager (Male) |
| 6:04 | Construir | House |
| 6:37 | Crear | Villager (Male) |
| 6:43 | Crear | Villager (Male) |
| 6:48 | Construir | House |
| 6:50 | Construir | House |
| 6:52 | Construir | Palisade Wall |
| 6:56 | Crear | Fishing Ship |
| 7:35 | Crear | Villager (Male) |
| 7:51 | Crear | Villager (Male) |
| 8:02 | Construir | House |
| 8:13 | Crear | Fishing Ship |
| 8:20 | Crear | Villager (Male) |
| 8:39 | Construir | House |
| 8:46 | Construir | House |
| 8:50 | Construir | Building 804 |
| 8:52 | Crear | Villager (Male) |
| 8:57 | Construir | Mill |
| 9:14 | Crear | Villager (Male) |
| 9:30 | Crear | Villager (Male) |
| 9:37 | Construir | House |
| 9:40 | Crear | Fishing Ship |
| 9:45 | Investigar | Feudal Age |
| 9:55 | Construir | Lumber Camp |
| 10:48 | Construir | Mining Camp |
| 10:52 | Crear | Villager (Male) |
| 11:21 | Crear | Villager (Male) |
| 11:21 | Crear | Fishing Ship |
| 11:55 | Edad | Edad Feudal |
| 11:59 | Crear | Villager (Male) |
| 12:08 | Crear | Fire Galley |
| 12:29 | Construir | Blacksmith |
| 12:36 | Crear | Fire Galley |
| 12:47 | Crear | Villager (Male) |
| 12:53 | Construir | Market |
| 13:00 | Construir | Barracks |
| 13:10 | Construir | House |
| 13:15 | Construir | House |
| 13:24 | Construir | Building 800 |
| 13:28 | Construir | House |
| 13:29 | Construir | House |
| 13:31 | Crear | Villager (Male) |
| 13:35 | Crear | Galley |
| 13:43 | Crear | Fire Galley |
| 13:44 | Crear | Villager (Male) |
| 14:35 | Crear | Villager (Male) |
| 14:48 | Investigar | Castle Age |
| 14:48 | Investigar | Castle Age |
| 14:55 | Crear | Galley |
| 15:08 | Crear | Fire Galley |
| 15:21 | Investigar | Double-Bit Axe |
| 15:43 | Investigar | Horse Collar |
| 15:43 | Investigar | Horse Collar |
| 15:57 | Crear | Villager (Male) |
| 16:39 | Crear | Demolition Raft |
| 17:17 | Crear | Fishing Ship |
| 17:17 | Crear | Fishing Ship |
| 17:28 | Edad | Edad de los Castillos |
| 17:31 | Crear | Villager (Male) |
| 17:40 | Construir | Town Center |
| 17:50 | Crear | Villager (Male) |
| 18:00 | Construir | Farm |
| 18:00 | Construir | Farm |
| 18:01 | Construir | Farm |
| 18:17 | Crear | Villager (Male) |
| 18:24 | Construir | Town Center |
| 18:37 | Construir | Farm |
| 18:40 | Construir | Farm |
| 18:41 | Construir | Farm |
| 18:41 | Construir | Farm |
| 18:44 | Construir | Farm |
| 18:54 | Crear | Fishing Ship |
| 18:54 | Crear | Fishing Ship |
| 18:59 | Crear | Villager (Male) |
| 18:59 | Crear | Villager (Male) |
| 19:06 | Crear | Villager (Male) |
| 19:07 | Crear | Villager (Male) |
| 19:07 | Crear | Villager (Male) |
| 19:24 | Construir | Farm |
| 19:25 | Construir | Farm |
| 19:28 | Crear | Villager (Male) |
| 19:28 | Crear | Villager (Male) |
| 19:28 | Crear | Villager (Male) |
| 19:33 | Construir | Farm |
| 19:35 | Construir | Farm |
| 19:35 | Construir | Farm |
| 20:02 | Crear | Fishing Ship |
| 20:02 | Crear | Villager (Male) |
| 20:03 | Crear | Villager (Male) |
| 20:03 | Crear | Villager (Male) |
| 20:08 | Construir | Farm |
| 20:13 | Construir | Farm |
| 20:16 | Crear | Villager (Male) |
| 20:16 | Crear | Villager (Male) |
| 20:32 | Crear | Villager (Male) |
| 20:33 | Crear | Villager (Male) |
| 20:33 | Crear | Villager (Male) |
| 20:41 | Construir | Lumber Camp |
| 20:58 | Crear | Villager (Male) |
| 20:58 | Crear | Villager (Male) |
| 20:59 | Crear | Villager (Male) |
| 21:08 | Construir | Farm |
| 21:20 | Construir | Mining Camp |
| 21:26 | Construir | Farm |
| 21:28 | Construir | Farm |
| 21:31 | Crear | Villager (Male) |
| 21:32 | Crear | Villager (Male) |
| 21:32 | Crear | Villager (Male) |
| 21:39 | Construir | Farm |
| 21:41 | Construir | Farm |
| 21:42 | Construir | Farm |
| 21:47 | Crear | Villager (Male) |
| 21:48 | Crear | Villager (Male) |
| 21:48 | Crear | Villager (Male) |
| 21:54 | Construir | Farm |
| 21:55 | Construir | Farm |
| 22:11 | Crear | Villager (Male) |
| 22:11 | Crear | Villager (Male) |
| 22:11 | Crear | Villager (Male) |
| 22:20 | Crear | Villager (Male) |
| 22:20 | Crear | Villager (Male) |
| 22:23 | Construir | Farm |
| 22:24 | Construir | Farm |
| 22:41 | Crear | Villager (Male) |
| 22:41 | Crear | Villager (Male) |
| 22:45 | Investigar | Heavy Plow |
| 22:52 | Construir | Farm |
Cronología de la partida
| 2:06 | PatCrespo · wall_segment Palisade Wall x1 |
| 4:15 | reckem3 · wall_segment Palisade Wall x1 |
| 4:47 | TartineMiamMiam · wall_segment Palisade Wall x1 |
| 4:49 | TartineMiamMiam · wall_segment Palisade Wall x1 |
| 4:55 | TartineMiamMiam · wall_segment Palisade Wall x1 |
| 4:57 | TartineMiamMiam · wall_segment Palisade Wall x1 |
| 5:53 | reckem3 · first_building Dock |
| 6:52 | reckem3 · wall_segment Palisade Wall x1 |
| 7:02 | Chili · first_building Barracks |
| 7:40 | PatCrespo · first_building Barracks |
| 7:44 | Confiturier · first_building Barracks |
| 8:20 | Lay-Z · first_building Barracks |
| 8:53 | TartineMiamMiam · first_building Barracks |
| 8:57 | Chili · age_up feudal |
| 9:02 | g0ldenJew · wall_segment Palisade Wall x3 |
| 9:04 | g0ldenJew · wall_segment Palisade Wall x4 |
| 9:05 | g0ldenJew · wall_segment Palisade Wall x3 |
| 9:13 | Chili · first_building Stable |
| 9:19 | Confiturier · age_up feudal |
| 9:27 | g0ldenJew · first_building Barracks |
| 9:31 | PatCrespo · age_up feudal |
| 9:35 | PatCrespo · first_building Stable |
| 9:43 | nanoushka · wall_segment Palisade Wall x4 |
| 9:44 | nanoushka · wall_segment Palisade Wall x5 |
| 9:52 | Lay-Z · age_up feudal |
| 9:55 | Lay-Z · first_building Stable |
| 10:04 | nanoushka · first_building Barracks |
| 10:10 | Chili · wall_segment Palisade Wall x1 |
| 10:11 | g0ldenJew · wall_segment Palisade Wall x1 |
| 10:17 | Confiturier · first_building Stable |
| 10:25 | nanoushka · age_up feudal |
| 10:28 | TartineMiamMiam · age_up feudal |
| 10:32 | TartineMiamMiam · first_building Archery Range |
| 10:33 | g0ldenJew · age_up feudal |
| 10:33 | g0ldenJew · wall_segment Palisade Wall x7 |
| 10:50 | g0ldenJew · first_building Archery Range |
| 10:52 | Chili · wall_segment Palisade Wall x1 |
| 10:58 | g0ldenJew · wall_segment Palisade Wall x3 |
| 10:59 | TartineMiamMiam · wall_segment Palisade Wall x1 |
| 11:01 | g0ldenJew · wall_segment Palisade Wall x4 |
| 11:05 | nanoushka · first_building Stable |
| 11:55 | reckem3 · age_up feudal |
| 12:27 | g0ldenJew · wall_segment Palisade Wall x5 |
| 13:00 | reckem3 · first_building Barracks |
| 16:31 | PatCrespo · first_market_sell 100 wood |
| 17:28 | reckem3 · age_up castle |
| 19:13 | PatCrespo · age_up castle |
| 19:34 | Lay-Z · wall_segment Palisade Wall x1 |
| 20:05 | PatCrespo · wall_segment Palisade Wall x1 |
| 20:52 | Chili · wall_segment Palisade Wall x1 |
| 20:54 | Confiturier · age_up castle |
| 21:29 | Chili · first_market_sell 100 wood |
| 21:31 | Chili · first_market_buy 100 food |
| 21:51 | TartineMiamMiam · first_market_sell 100 wood |
| 22:18 | Confiturier · wall_segment Palisade Wall x15 |
| 22:34 | g0ldenJew · first_market_buy 500 food |
| 23:16 | nanoushka · age_up castle |
| 23:24 | reckem3 · first_building Monastery |
| 23:42 | PatCrespo · wall_segment Palisade Wall x1 |
| 23:44 | PatCrespo · wall_segment Palisade Wall x1 |
| 23:57 | Lay-Z · wall_segment Palisade Wall x3 |
| 24:26 | Chili · age_up castle |
| 24:38 | TartineMiamMiam · age_up castle |
| 25:17 | g0ldenJew · age_up castle |
| 26:55 | g0ldenJew · first_building Castle |
| 27:12 | nanoushka · wall_segment Palisade Wall x7 |
| 27:39 | g0ldenJew · wall_segment Stone Wall x8 |
| 27:45 | Lay-Z · age_up castle |
| 28:36 | Confiturier · first_building Castle |
| 28:40 | Lay-Z · resign |
[ ANÁLISIS IA · 1 CRÉDITO ]
¿Qué pasó realmente en esta partida?
Wolo.gg analiza cada decisión: build order, eco, micro, errores típicos por bracket. Análisis personalizado por WhatsApp o Discord en 30 segundos.
Guía civ
Polacos
Guía mapa
Coastal Forest
Perfil
Confiturier